 Dungeon Crawl Stone Soup version 0.30-a0-166-g5d06c95188 (webtiles) character file.

Game seed: 12734874135591844046

126 qw the Chopper (level 5, 0/32 HPs)
             Began as a Gargoyle Fighter on Sept 28, 2022.
             Slain by a gnoll
             ... wielding a +0 spear
              (5 damage)
             ... on level 3 of the Dungeon.
             The game lasted 00:00:51 (2372 turns).

qw the Chopper (Gargoyle Fighter)                   Turns: 2372, Time: 00:00:51

Health: 0/32       AC: 17    Str: 21    XL:     5   Next: 9%
Magic:  0/5        EV:  9    Int:  9    God:
Gold:   48         SH:  4    Dex:  9    Spells: 4/4 levels left

rFire   . . .      SeeInvis .    Y - +1 war axe
rCold   . . .      Faith    .    c - +0 buckler
rNeg    + . .      Spirit   +    j - +0 plate armour
rPois   inf        Reflect  .    (no helmet)
rElec   +          Harm     .    (no cloak)
rCorr   .          Rampage  .    k - +1 pair of gloves
Will    .....                    (no boots)
Stlth   ..........               o - amulet of guardian spirit
HPRegen 0.10/turn                b - +4 ring of evasion
MPRegen 0.09/turn                (no ring)

@: no status effects
A: sickness immunity, AC +4, negative energy resistance 1, electricity
resistance, torment resistance 1, petrification resistance
a: no special abilities


You were on level 3 of the Dungeon.
You visited 1 branch of the dungeon, and saw 3 of its levels.

You collected 90 gold pieces.
You spent 42 gold pieces at shops.


Innate Abilities, Weirdness & Mutations

You are immune to sickness and miasma.
Your stone body is resilient. (AC +4)
You are immune to poison.
You resist negative energy. (rN+)
You are resistant to electric shocks. (rElec)
You are resistant to unholy torment.
You are immune to petrification.


   Skills:
 - Level 3.2 Fighting
 + Level 4.4 Axes
 - Level 1.0 Throwing
 - Level 3.2 Armour
 - Level 3.2 Shields


You had 4 spell levels left.
You didn't know any spells.
Your spell library was empty.

Inventory:

Hand Weapons
 i - a +0 flail
 Y - a +1 war axe (weapon)
Armour
 c - a +0 buckler (worn)
 j - a +0 plate armour (worn)
 k - a +1 pair of gloves (worn)
Jewellery
 b - a +4 ring of evasion (left hand)
 o - an amulet of guardian spirit (around neck)
Scrolls
 h - a scroll of identify
 l - a scroll of magic mapping {unknown}
Potions
 a - a potion of berserk rage {unknown}
 d - a potion of might
 e - 2 potions of curing
 f - a potion of resistance {unknown}
 g - a potion of mutation {unknown}
 m - a potion of attraction {unknown}

Dungeon Overview and Level Annotations

Branches:
Dungeon (3/15)

Altars:

Shops:
D:2 (


Message History

3 orcs come into view.
An orc is wielding a +2 vampiric dagger.
The orc shouts! x3
The gnoll hits you with a +0 whip! The gnoll barely misses you.
The gnoll closely misses you.
There is a large open door here.
You barely miss the gnoll.
You hit the gnoll. x2; You barely miss the gnoll.
The gnoll hits you but does no damage.
The gnoll hits you from afar with a +0 halberd.
The gnoll hits you but does no damage. The gnoll closely misses you.
The gnoll hits you but does no damage. x4; The gnoll barely misses you.
You block the gnoll's attack. The gnoll barely misses you. x2
You block the gnoll's attack. The gnoll hits you but does no damage.
You hit the gnoll but do no damage.
The gnoll is heavily wounded.
You hit the gnoll. You slash the gnoll! You hit the gnoll.
The gnoll hits you with a +0 club.
A gnoll comes into view. It is wielding a +0 club.
You block the gnoll's attack. The gnoll closely misses you.
The gnoll sergeant hits you from afar with a +0 spear.
The gnoll hits you from afar with a +0 halberd.
The gnoll hits you with a +0 flail. The gnoll hits you but does no damage.
You block the gnoll's attack.
You hit the gnoll.
The gnoll is severely wounded.
You barely miss the gnoll. You slash the gnoll! You barely miss the gnoll.
You block the gnoll's attack. x2
The gnoll hits you from afar with a +0 spear.
The gnoll sergeant closely misses you. The gnoll barely misses you.
The gnoll hits you but does no damage. The gnoll closely misses you.
The gnoll hits you with a +0 flail. The gnoll hits you but does no damage.
You slash the gnoll!
You kill the gnoll!
You hit the gnoll. You barely miss the gnoll.
You hit the gnoll but do no damage.
The gnoll hits you from afar with a +0 spear.
The gnoll sergeant hits you but does no damage.
The gnoll hits you but does no damage. The gnoll barely misses you.
The gnoll hits you from afar with a +0 spear.
You die...

~~~~~....~~~~~~~
~~~~~....~~~~~~~
~~~~~....~~~~~~~
................
#####''''#######
#....#######
+....'.....+
#....#######
##@g##
....oooggo.....
.....ggggg.....
.......go...g..
...............
#######++######


You could see a gnoll sergeant, 9 gnolls and 5 orcs.

Vanquished Creatures
  3 gnolls (D:3)
  5 adders
  An orc (D:3)
  3 ball pythons
  4 endoplasms
  4 giant cockroaches
  5 goblins
  4 hobgoblins
  8 jackals
  2 quokkas
  3 bats
  5 frilled lizards
  9 kobolds
  3 rats
59 creatures vanquished.

Notes
Turn   | Place    | Note
-------+----------+-------------------------------------------
     0 | D:1      | qw the Gargoyle Fighter began the quest for the Orb.
     0 | D:1      | Reached XP level 1. HP: 14/14 MP: 1/1
     0 | D:1      | 0 ||| qw: Version: 0.2-a-12-gaebbb33
     0 | D:1      | 0 ||| qw: Game counter: 1007
     0 | D:1      | 0 ||| qw: Always use a shield: true
     0 | D:1      | 0 ||| qw: God list: Okawaru
     0 | D:1      | 0 ||| qw: Allow faded altars: false
     0 | D:1      | 0 ||| qw: Do Orc after D:15 true
     0 | D:1      | 0 ||| qw: Do second Lair branch before Depths: true
     0 | D:1      | 0 ||| qw: Lair rune preference: random
     0 | D:1      | 0 ||| qw: Plans: Normal, Zot:1-4, God:TSO, Crypt, Tomb,
                  | Pan, Slime:5, Hells, Abyss, Orb
     0 | D:1      | 0 ||| PLANNING D:1-11
    54 | D:1      | Reached skill level 2 in Axes
   174 | D:1      | Reached XP level 2. HP: 15/19 MP: 2/2
   718 | D:1      | Reached skill level 3 in Axes
   731 | D:1      | Reached XP level 3. HP: 20/23 MP: 3/3
  1107 | D:1      | 1107 ||| UPGRADING to +0 plate armour.
  1117 | D:1      | 1117 ||| DROPPING +0 scale mail.
  1118 | D:1      | 1118 ||| UPGRADING to +0 pair of gloves.
  1123 | D:1      | 1123 ||| READING scroll labelled EBLAXI FOVIHU.
  1124 | D:1      | 1124 ||| READING scroll labelled HAYTIN REWE.
  1125 | D:1      | 1125 ||| READING scroll labelled JAAWNO FAIQIGG.
  1168 | D:2      | 1168 ||| STAIRDANCE
  1185 | D:2      | 1185 ||| STAIRDANCE
  1322 | D:2      | Found Joff's Weapon Boutique.
  1331 | D:2      | 1331 ||| BUYING +0 flail (42 gold).
  1331 | D:2      | Bought a +0 flail for 42 gold pieces
  1331 | D:2      | 1331 ||| DROPPING +0 whip.
  1338 | D:2      | 1338 ||| Stepping ~*~*~tactically~*~*~ (stealth).
  1339 | D:2      | 1339 ||| Stepping ~*~*~tactically~*~*~ (stealth).
  1391 | D:2      | Reached XP level 4. HP: 28/28 MP: 4/4
  1420 | D:2      | Reached skill level 1 in Throwing
  1646 | D:2      | 1646 ||| Stepping ~*~*~tactically~*~*~ (stealth).
  1648 | D:2      | 1648 ||| Stepping ~*~*~tactically~*~*~ (stealth).
  1822 | D:2      | 1822 ||| UPGRADING to amulet of guardian spirit.
  1827 | D:2      | 1827 ||| UPGRADING to +4 ring of evasion.
  1828 | D:2      | 1828 ||| READING scroll labelled EJIHUS TAOTZO.
  1829 | D:2      | 1829 ||| READING scroll labelled VIMPOHOGUGG.
  1830 | D:2      | 1830 ||| READING scroll labelled VEEZITZOIMIRPH.
  1834 | D:2      | 1834 ||| DRINKING 3 dark potions.
  1885 | D:3      | Reached skill level 4 in Axes
  2042 | D:3      | 2042 ||| Stepping ~*~*~tactically~*~*~ (stealth).
  2044 | D:3      | 2044 ||| Stepping ~*~*~tactically~*~*~ (hiding).
  2065 | D:3      | 2065 ||| READING scroll of enchant armour.
  2065 | D:3      | 2065 ||| ENCHANTING +0 pair of gloves.
  2106 | D:3      | 2106 ||| Stepping ~*~*~tactically~*~*~ (stealth).
  2107 | D:3      | 2107 ||| Stepping ~*~*~tactically~*~*~ (stealth).
  2108 | D:3      | 2108 ||| Stepping ~*~*~tactically~*~*~ (stealth).
  2116 | D:3      | 2116 ||| Stepping ~*~*~tactically~*~*~ (stealth).
  2117 | D:3      | 2117 ||| Stepping ~*~*~tactically~*~*~ (stealth).
  2118 | D:3      | 2118 ||| Stepping ~*~*~tactically~*~*~ (stealth).
  2152 | D:3      | 2152 ||| Stepping ~*~*~tactically~*~*~ (hiding).
  2166 | D:3      | Reached XP level 5. HP: 13/32 MP: 2/5
  2371 | D:3      | HP: 7/32 [gnoll/+0 spear (3)]
  2372 | D:3      | Slain by a gnoll

Levels and vault maps discovered:
D:1:      psy_arrival_radial01, layout_loops_ring
D:2:      layout_rooms, serial_shops, nicolae_shop_hallway_plus,
          kennysheep_generic_room_7
D:3:      lemuel_castle_with_subvaults [lemuel_castle_interior_original],
          layout_basic, hangedman_decor_opposing

Skill      XL: |  1  2  3  4 |
---------------+-------------+-----
Axes           | 2 3 4 |  4.4
Throwing       | 1 |  1.0
Fighting       | |  3.2
Armour         | |  3.2
Shields        | |  3.2

Action                   |  1- 3 |  4- 6 || total
-------------------------+-------+-------++-------
Melee: War axe           |   100 |    54 ||   154
Throw: Javelin           |     3 |     9 ||    12
  Use: Scroll            |     3 |     4 ||     7
       Potion            |       |     1 ||     1
Armor: Scale mail        |    32 |       ||    32
       Plate armour      |    25 |    40 ||    65
Dodge: Dodged            |    39 |    48 ||    87
Block: Buckler           |    17 |    19 ||    36

Table legend:
 A = Non-vault XP
 B = Vault XP
 C = Vault XP percentage of total XP
 D = Non-vault monster count
 E = Vault monster count
 F = Vault count percentage of total count
                 A         B        C        D         E       F
            +---------+---------+-------+---------+---------+-------
      Total |     128 |      67 |  34.4 |      49 |      10 |  16.9
            +---------+---------+-------+---------+---------+-------
        D:1 |      45 |       0 |   0.0 |      26 |       0 |   0.0
        D:2 |      58 |      16 |  21.6 |      15 |       3 |  16.7
        D:3 |      25 |      51 |  67.1 |       8 |       7 |  46.7
            +---------+---------+-------+---------+---------+-------
